 Dungeon Crawl Stone Soup version 0.27-a0-216-g1fbed8a51c (webtiles) character file.

Game seed: 11676483285627993172

15 iamserjio the Skirmisher (level 2, -2/43 HPs)
             Began as a Gnoll Abyssal Knight on Jan 31, 2021.
             Was an Initiate of Lugonu.
             Slain by an ice beast (11 damage)
             ... on level 2 of the Dungeon.
             The game lasted 00:01:35 (272 turns).

iamserjio the Skirmisher (Gnoll Abyssal Knight)      Turns: 272, Time: 00:01:36

Health: -2/43      AC:  6    Str: 11    XL:     2   Next: 50%
Magic:  5/5        EV: 11    Int: 11    God:    Lugonu [......]
Gold:   62         SH:  0    Dex: 11    Spells: 1/1 levels left

rFire    . . .     SeeInvis .   a - +1 falchion
rCold    . . .     Faith    .   (no shield)
rNeg     . . .     Spirit   .   g - +0 ring mail (curse)
rPois    .         Reflect  .   (no helmet)
rElec    .         Harm     .   (no cloak)
rCorr    .         Rampage  .   (no gloves)
Will     .....                  (no boots)
Stlth    ..........             (no amulet)
HPRegen  0.14/turn              (no ring)
MPRegen  0.09/turn              (no ring)

@: berserking, very quick
A: distributed training, fangs 1, strong nose
a: Renounce Religion


You were on level 2 of the Dungeon.
You worshipped Lugonu.
Lugonu was noncommittal.
You visited 1 branch of the dungeon, and saw 2 of its levels.
You visited the Abyss 1 time.

You collected 62 gold pieces.

Inventory:

Hand Weapons
 a - a +1 falchion (weapon)
 d - a cursed -3 spear
Armour
 b - a +0 leather armour
 g - a cursed +0 ring mail (worn)
Scrolls
 c - a scroll of enchant weapon {unknown}
 h - a scroll of teleportation {unknown}
 i - a scroll of remove curse {unknown}


   Skills:
 + Level 6.5 Fighting
 + Level 0.4 Short Blades
 + Level 4.5 Long Blades
 + Level 0.4 Axes
 + Level 0.4 Maces & Flails
 + Level 0.4 Polearms
 + Level 0.4 Staves
 + Level 0.4 Slings
 + Level 0.4 Bows
 + Level 0.4 Crossbows
 + Level 0.4 Throwing
 + Level 4.5 Armour
 + Level 2.5 Dodging
 + Level 0.4 Stealth
 + Level 0.4 Shields
 + Level 0.4 Unarmed Combat
 + Level 0.4 Spellcasting
 + Level 0.2 Conjurations
 + Level 0.2 Hexes
 + Level 0.2 Summonings
 + Level 0.2 Necromancy
 + Level 0.2 Translocations
 + Level 0.2 Transmutations
 + Level 0.2 Fire Magic
 + Level 0.2 Ice Magic
 + Level 0.2 Air Magic
 + Level 0.2 Earth Magic
 + Level 0.2 Poison Magic
 + Level 4.5 Invocations
 + Level 0.4 Evocations


You had one spell level left.
You didn't know any spells.
Your spell library was empty.

Dungeon Overview and Level Annotations

Branches:
Dungeon (2/15)

Altars:
The Shining One


Innate Abilities, Weirdness & Mutations

Your experience applies equally to all skills.
You have very sharp teeth.
Your uncanny sense of smell can sniff out nearby items.


Message History

Okay, then.
Okay, then.
A worm comes into view.
Found a scratched gilded ring.
You barely miss the worm. You bite the worm, but do no damage.
It was a potion of curing.
You feel better. The worm bites you but does no damage.
It was a potion of berserk rage.
A red film seems to cover your vision as you go berserk!
You feel yourself moving faster!
You feel mighty! The ice beast hits you. The ice beast freezes you!
* * * LOW HITPOINT WARNING * * *
The worm bites you.
* * * LOW HITPOINT WARNING * * *
You hit the ice beast.
You bite the ice beast, but do no damage.
The ice beast hits you.
* * * LOW HITPOINT WARNING * * *
The ice beast freezes you!
You die...

#.# #=#
#.# #.#
#.# #.#
#.# #.#
#.# #.#
#.# #.#
#.# #w#
#r# #@#
#.# #Y#
#Y# ∆#r#
#.#
#.#####.#
#...Y...#
#########


You could see an ice beast, a worm and a rat.

Vanquished Creatures
  A worm (D:2)
  A giant cockroach (D:2)
  A hobgoblin (D:2)
  4 jackals (D:2)
  2 kobolds
  2 rats
11 creatures vanquished.

Notes
Turn   | Place    | Note
-------+----------+-------------------------------------------
     0 | Abyss:1  | iamserjio the Gnoll Abyssal Knight began the quest for the
                  | Orb.
     0 | Abyss:1  | Reached XP level 1. HP: 23/23 MP: 3/3
    29 | D:1      | Escaped the Abyss
   167 | D:2      | Found a glowing golden altar of the Shining One.
   173 | D:2      | Reached XP level 2. HP: 14/29 MP: 5/5
   221 | D:2      | Noticed an ice beast
   272 | D:2      | Slain by an ice beast

Illustrated notes

Levels and vault maps discovered:
D:1:      eino_arrival_druids_welcome, layout_basic, minmay_unequal
D:2:      layout_basic, overflow_temple_1_default,
          gammafunk_temple_overflow_claw, minmay_misc_feat_enclosed

Action                   || total
-------------------------++-------
Melee: Falchion          ||    36
       Bite              ||     5
Invok: Depart the Abyss  ||     1
  Use: Potion            ||     2
Armor: Leather armour    ||     5
       Ring mail         ||     3
Dodge: Dodged            ||    15
       Rpst.: Falchion   ||     3

Table legend: (Time is in decaauts)
 A = Elapsed time spent in this place.
 B = Non-inter-level travel time spent in this place.
 C = Inter-level travel time spent in this place.
 D = Time resting spent in this place.
 E = Time spent auto-exploring this place.
 F = Levels seen in this place.
 G = Mean time per level.
                   A        B        C        D        E       F      G
               +--------+--------+--------+--------+--------+-----+--------+
         Total |    274 |    261 |     13 |      0 |      0 |   3 |   91.3 |
       Dungeon |    245 |    232 |     13 |      0 |      0 |   2 |  122.5 |
         Abyss |     29 |     29 |      0 |      0 |      0 |   1 |   29.0 |
               +--------+--------+--------+--------+--------+-----+--------+

Top non-repeatable levels by time:
     D:1: 123 daAuts
     D:2: 122 daAuts
 Abyss:1: 29 daAuts
